 Dungeon Crawl Stone Soup version 0.31.0-32-g396128a36d (webtiles) character file.

Game seed: 11161817532213602854

404 Zeor the Slasher (level 6, -1/53 HPs)
             Began as a Draconian Berserker on Apr 18, 2024.
             Was a Priest of Trog.
             Slain by an ogre
             ... wielding a +0 giant club
              (27 damage)
             ... on level 6 of the Dungeon.
             The game lasted 00:07:19 (3568 turns).

Zeor the Slasher (Draconian Berserker)              Turns: 3568, Time: 00:07:20

Health: -1/53      AC:  6    Str: 19    XL:     6   Next: 56%
Magic:  6/6        EV: 13    Int:  8    God:    Trog [***...]
Gold:   232        SH:  0    Dex: 12    Spells: 5/5 levels left

rFire   . . .        a - +1 falchion
rCold   . . .        (no shield)
rNeg    . . .        (body armour unavailable)
rPois   .            (helmet restricted)
rElec   .            c - scarf {shadows}
rCorr   .            (no gloves)
SInv    .            (no boots)
Will    .....        (no amulet)
Stlth   ++           d - +4 ring of slaying
HPRegen 0.28/turn    (no ring)
MPRegen 0.10/turn

%: no passive effects
@: weakened, on berserk cooldown, slowed, very slow
A: AC +6, unfitting armour, cold-blooded
a: Renounce Religion, Berserk, Trog's Hand


You were on level 6 of the Dungeon.
You worshipped Trog.
Trog was most pleased with you.
You visited 1 branch of the dungeon, and saw 5 of its levels.

You collected 232 gold pieces.

Inventory:

Hand Weapons
 a - a +1 falchion (weapon)
Missiles
 f - 4 poisoned darts (quivered)
Armour
 c - a scarf of shadows (worn)
Jewellery
 d - a +4 ring of slaying (left hand)
Wands
 g - a wand of flame (9)
 k - a wand of paralysis (6)
Potions
 b - a potion of curing
 e - a potion of magic {unknown}
 h - a potion of lignification {unknown}
 i - a potion of resistance {unknown}
 j - 2 potions of cancellation {unknown}
 l - a potion of heal wounds {unknown}


   Skills:
 + Level 4.3 Fighting
 * Level 6.2 Long Blades
 + Level 3.6 Dodging
 + Level 1.1 Stealth


You had 5 spell levels left.
You didn't know any spells.
Your spell library was empty.

Dungeon Overview and Level Annotations

Branches:
Dungeon (4/15)             Temple (0/1) D:4

Altars:
Dithmenos
Vehumet
Zin


Innate Abilities, Weirdness & Mutations

Your plain brown scales are hard. (AC +6)
You cannot fit into any form of body armour.
You are cold-blooded and may be slowed by cold attacks.


Message History

The gnoll bouda is almost dead.
The gnoll hits you from afar with a +0 spear.
You hit the gnoll bouda.
You kill the gnoll bouda!
Trog accepts your kill.
Your Long Blades skill increases to level 6!
Found a stone.
The gnoll hits you but does no damage.
Things that are here:
a +0 club; a +0 robe You slash the gnoll!
Your tail-slap misses the gnoll.
The gnoll is almost dead.
The gnoll hits you with a +0 spear!
You closely miss the gnoll. You tail-slap the gnoll.
You kill the gnoll!
Trog accepts your kill.
You hit the gnoll bouda. You tail-slap the gnoll bouda.
The gnoll bouda is heavily wounded.
The gnoll bouda gazes fiercely through you!
You feel as though you will be weak longer.
The gnoll bouda closely misses you.
An iguana comes into view.
You slash the gnoll bouda!
You kill the gnoll bouda!
Trog accepts your kill.
You are no longer berserk.
You are exhausted.
You feel yourself slow down.
Things that are here:
a +0 whip; a +0 robe; a +0 spear You closely miss the ogre.
The ogre closely misses you.
The gnoll hits you from afar with a +0 spear.
You hit the ogre.
The ogre is lightly wounded.
The gnoll hits you from afar with a +0 spear.
The ogre hits you with a +0 giant club!
It was a potion of curing.
You feel better.
The gnoll is no longer moving quickly.
The gnoll hits you but does no damage.
The ogre hits you with a +0 giant club!!
Ouch! That really hurt!
You die...

▒∙▒ ▒∙▒▒∙▒
▒∙▒▒▒▒∙▒▒∙▒
▒∙∙∙∙∙∙∙∙∙▒
▒▒∙∙∙∙∙▒▒▒▒
▒∙∙∙▒▒▒ ▒▒∙▒▒
▒∙▒
∙▒▒▒▒▒▒▒▒▒▒∙▒
∙(∙lgOd)))∙∙▒
∙▒▒▒▒▒▒▒▒▒▒▒▒


You could see an ogre, an iguana and a gnoll.

Vanquished Creatures
  3 bombardier beetles
  2 gnoll boudas (D:6)
  A hound (D:4)
  An iguana (D:4)
  Robin (D:4)
  6 gnolls
  3 adders (D:4)
  A dart slug (D:1)
  A ribbon worm (D:2)
  3 orcs (D:3)
  3 endoplasms (D:3)
  4 giant cockroaches
  15 goblins
  11 hobgoblins
  5 jackals
  6 quokkas
  5 ball pythons
  5 bats
  3 frilled lizards
  7 kobolds
  4 rats
90 creatures vanquished.

Notes
Turn   | Place    | Note
-------+----------+-------------------------------------------
     0 | D:1      | Zeor the Draconian Berserker began the quest for the Orb.
     0 | D:1      | Reached XP level 1. HP: 19/19 MP: 1/1
   122 | D:1      | Reached XP level 2. HP: 26/26 MP: 2/2
   844 | D:2      | Reached ** piety under Trog
   969 | D:2      | Reached XP level 3. HP: 30/31 MP: 3/3
  1700 | D:3      | Reached skill level 4 in Long Blades
  1734 | D:3      | Reached XP level 4. HP: 7/40 MP: 4/4
  1876 | D:3      | Found a radiant altar of Vehumet.
  1877 | D:3      | Found a shadowy altar of Dithmenos.
  2805 | D:4      | Reached skill level 5 in Long Blades
  2805 | D:4      | Reached XP level 5. HP: 41/46 MP: 5/5
  2858 | D:4      | Found a glowing silver altar of Zin.
  2870 | D:4      | Reached *** piety under Trog
  2897 | D:4      | Found a staircase to the Ecumenical Temple.
  3142 | D:4      | Reached skill level 1 in Stealth
  3261 | D:4      | Noticed Robin
  3262 | D:4      | Reached XP level 6. HP: 52/52 MP: 6/6
  3283 | D:4      | Killed Robin
  3516 | D:4      | You fall into a shaft and drop 2 floors!
  3560 | D:6      | Reached skill level 6 in Long Blades
  3568 | D:6      | Slain by an ogre

Illustrated notes

Levels and vault maps discovered:
D:1:      dpeg_arrival_tiny_j, layout_basic
D:2:      layout_basic
D:3:      kennysheep_big_flooded_room, layout_basic,
          chequers_temple_overflow_statue_of_worship, minmay_misc_feat_diagonals
D:4:      layout_loops_ring, mainiacjoe_overflow_paths,
          minmay_temple_entry_hall, uniq_robin
D:6:      cheibrodos_fzero, layout_loops_cross, fedhas_altar_fruit_tree,
          kennysheep_big_empty_room, nicolae_take_the_stairs, uniq_eustachio,
          uniq_crazy_yiuf_cottage

Skill      XL: |  1  2  3  4  5  6 |
---------------+-------------------+-----
Dodging        | 3 |  3.6
Long Blades    | 4 5 6 |  6.2
Fighting       | 4 |  4.3
Stealth        | 1 |  1.1

Action                     |  1- 3 |  4- 6 || total
---------------------------+-------+-------++-------
  Melee: Falchion          |   141 |   115 ||   256
         Tailslap          |    15 |    11 ||    26
         Punch             |     3 |       ||     3
 Invoke: Berserk           |       |     5 ||     5
    Use: Scroll            |     5 |     2 ||     7
         Potion            |     1 |     1 ||     2
   Stab: Sleeping          |       |     2 ||     2
 Armour: Skin              |    75 |    66 ||   141
  Dodge: Dodged            |    90 |    66 ||   156
